 Dungeon Crawl Stone Soup version 0.21.1-1-g345015f (webtiles) character file.

250 goulibeur the Distorting Demonspawn (level 5, 0/42 HPs)
             Began as a Demonspawn Abyssal Knight on July 6, 2018.
             Was a Believer of Lugonu.
             Slain by a mummy (8 damage)
             ... in an ossuary.
             The game lasted 00:11:12 (3401 turns).

goulibeur the Distorting Demonspawn (DsAK)          Turns: 3401, Time: 00:11:13

Health: 0/42       AC: 11    Str: 12    XL:     5   Next: 88%
Magic:  9/9        EV:  3    Int: 14    God:    Lugonu [**....]
Gold:   198        SH:  6    Dex: 13    Spells: 4/4 levels left

rFire    . . .     SeeInvis .   a - +1 short sword
rCold    . . .     Gourm    .   l - +0 shield
rNeg     . . .     Faith    .   i - +1 chain mail
rPois    .         Spirit   .   (no helmet)
rElec    .         Reflect  .   (no cloak)
rCorr    .         Harm     .   k - +0 pair of gloves
MR       .....                  (no boots)
Stlth    ..........             (no amulet)
HPRegen  0.14/turn              (no ring)
MPRegen  0.11/turn              (no ring)

@: marked
A: claws 1
a: Depart the Abyss, Bend Space, Renounce Religion


You were in an ossuary.
You worshipped Lugonu.
Lugonu was pleased with you.
You were not hungry.

You visited 1 branch of the dungeon, and saw 4 of its levels.
You visited the Abyss 1 time.
You also visited: Ossuary.

You collected 198 gold pieces.

Inventory:

Hand Weapons
 a - a +1 short sword (weapon)
Armour
 b - a +0 leather armour
 i - a +1 chain mail (worn)
 k - a +0 pair of gloves (worn)
 l - a +0 shield (worn)
Jewellery
 p - an uncursed ring of loudness
Wands
 o - a wand of polymorph (13)
 q - a wand of random effects (13)
Scrolls
 d - a scroll of teleportation
 f - a scroll of remove curse
 s - a scroll of identify
Potions
 e - 2 potions of curing {unknown}
 g - 2 potions of lignification
 h - 2 potions of haste {unknown}
 j - a potion of degeneration {unknown}
 m - 2 potions of heal wounds {unknown}
 n - a potion of might {unknown}
Books
 r - a book of Flames

   Spells                             Type                      Level
   a - Flame Tongue                   Conjuration/Fire             1
   b - Throw Flame                    Conjuration/Fire             2
   c - Conjure Flame                  Conjuration/Fire             3
   d - Inner Flame                    Hexes/Fire                   3
   e - Sticky Flame                   Conjuration/Fire             4
   f - Fireball                       Conjuration/Fire             5
Comestibles
 c - 7 rations
 t - 7 chunks of flesh


   Skills:
 + Level 4.0 Fighting
 - Level 1.7 Short Blades
 + Level 2.9 Armour
 + Level 2.3 Dodging
 * Level 5.4 Invocations


You had 4 spell levels left.
You didn't know any spells.

Dungeon Overview and Level Annotations

Branches:
Dungeon (4/15)
 Temple: D:4-7

Altars:
Okawaru
Uskayaw
Xom

Annotations:
D:3 eyesofgods1's ghost, amateur DEIE


Innate Abilities, Weirdness & Mutations

You have sharp fingernails.


Message History

The mummy hits you!
You hit the mummy.
The mummy is severely damaged.
You hit the mummy.
The mummy is almost destroyed.
The mummy hits you.
You hit the mummy.
The mummy is almost destroyed.
The mummy hits you!
* * * LOW HITPOINT WARNING * * *
You hit the mummy but do no damage.
The mummy is almost destroyed.
You block the mummy's attack.
You hit the mummy.
You destroy the mummy!
Lugonu accepts your kill.
Your Fighting skill increases to level 4!
Your shield and chain mail prevent you from hitting the mummy.
The mummy hits you!
You die...

##.....## .+ .
##.......## ..#
..#.........#...+
..'....⌠..^.'...#
.#.........#...+
##.......## ..#
##.MM..## .+
###M### # #@#
##.## #.∩.# #.∩.#
#####


You could see 3 mummies.

Vanquished Creatures
  2 orc priests (D:4)
  Ijyb (D:3)
  Terence (D:3)
  Natasha (D:3)
  An iguana (D:4)
  A mummy (Ossuary)
  An adder (D:4)
  5 orcs
  A ball python (D:3)
  3 giant cockroaches
  7 goblins
  6 hobgoblins
  2 jackals (D:3)
  8 kobolds
  A quokka (D:3)
  7 bats
  6 frilled lizards
  11 rats
65 creatures vanquished.

Notes
Turn   | Place    | Note
-------+----------+-------------------------------------------
     0 | Abyss:1  | goulibeur the Demonspawn Abyssal Knight began the quest for the Orb.
     0 | Abyss:1  | Reached XP level 1. HP: 18/18 MP: 2/2
    54 | Abyss:1  | Noticed a small abomination
    55 | D:1      | Escaped the Abyss
   136 | D:1      | Reached skill level 1 in Dodging
   348 | D:1      | Gained mutation: You have sharp fingernails. [demonic ancestry]
   348 | D:1      | Reached XP level 2. HP: 24/24 MP: 4/4
   355 | D:1      | Reached * piety under Lugonu
   355 | D:1      | Reached skill level 3 in Invocations
   664 | D:1      | Found a shimmering altar of Xom.
  1011 | D:2      | Reached XP level 3. HP: 28/29 MP: 5/5
  1673 | D:3      | Reached ** piety under Lugonu
  1829 | D:3      | Found an iron altar of Okawaru.
  1862 | D:3      | Noticed Ijyb
  1919 | D:3      | Killed Ijyb
  1919 | D:3      | Reached skill level 4 in Invocations
  1919 | D:3      | Reached XP level 4. HP: 9/35 MP: 5/7
  2224 | D:3      | Found a hide-covered altar of Uskayaw.
  2582 | D:3      | Noticed Natasha
  2602 | D:3      | Killed Natasha
  2680 | D:3      | Noticed Terence
  2702 | D:3      | Killed Terence
  2702 | D:3      | Reached XP level 5. HP: 36/42 MP: 8/8
  2870 | D:3      | Noticed eyesofgods1's ghost (amateur DEIE)
  3123 | D:4      | Reached skill level 5 in Invocations
  3357 | D:4      | Found a sand-covered staircase.
  3362 | Ossuary  | Entered an ossuary
  3401 | Ossuary  | Slain by a mummy

Skill      XL: |  1  2  3  4  5 |
---------------+----------------+-----
Dodging        | 1 2 |  2.3
Invocations    | 3 4 5 |  5.4
Armour         | 2 |  2.9
Fighting       | 4 |  4.0
Short Blades   | |  1.7

Action                   |  1- 3 |  4- 6 || total
-------------------------+-------+-------++-------
Melee: Short sword       |   194 |   123 ||   317
Invok: Depart the Abyss  |     1 |       ||     1
  Use: Scroll            |     5 |     2 ||     7
  Eat: Chunk             |     3 |     5 ||     8
Armor: Leather armour    |    15 |       ||    15
       Chain mail        |   130 |    58 ||   188
Dodge: Dodged            |    61 |    14 ||    75
Block: Shield            |    12 |    34 ||    46
